 Dungeon Crawl Stone Soup version 0.17-a0-65-gc96cd5b (webtiles) character file.

1345 prinygod the Chiller (level 8, 27/40 (46) HPs)
             Began as an Octopode Ice Elementalist on Mar 10, 2015.
             Quit the game on level 5 of the Dungeon on Mar 11, 2015.
             The game lasted 00:31:41 (5794 turns).

prinygod the Chiller (Octopode Ice Elementalist)    Turns: 5794, Time: 00:31:41

HP:   27/40 (46)    AC:  1    Str:  7 (8)  XL:     8   Next: 62%
MP:   22/22         EV: 12    Int: 19      God:
Gold: 284           SH:  0    Dex: 12      Spells: 4 memorised, 8 levels left

rFire  + . .     SeeInvis .     p - +0 dagger
rCold  . . .     Clarity  .     (no shield)
rNeg   . . .     SustAb   .     (helmet restricted)
rPois  .         Gourm    .     (no amulet)
rElec  .         Spirit   .     u - ring of protection from fire
rCorr  .         Warding  .     v - ring of protection from magic
rMut   .         Stasis   .     (no ring)
MR     +....                    (no ring)
Stlth  ++++......               (no ring)
                                (no ring)
                                (no ring)
                                (no ring)

@: mildly poisoned (27 -> 19), somewhat resistant to hostile enchantments,
stealthy
A: almost no armour, amphibious, 8 rings, constrict 8, camouflage 1, gelatinous
body 1
a: no special abilities


You were on level 5 of the Dungeon.
You were very hungry.

You visited 2 branches of the dungeon, and saw 6 of its levels.

You collected 284 gold pieces.

Inventory:

Hand weapons
 p - a +0 dagger (weapon)
 w - a +0 blowgun
Missiles
 x - a poisoned needle
 G - 9 arrows of dispersal
Jewellery
 u - a ring of protection from fire (left tentacle)
 v - a ring of protection from magic (right tentacle)
 y - an uncursed ring of teleportation
Magical devices
 t - a wand of slowing (10)
 B - a wand of polymorph (9)
 C - a wand of random effects (21)
Scrolls
 a - a scroll of enchant armour
 d - a scroll of recharging {unknown}
 e - a scroll of magic mapping {unknown}
 g - 5 scrolls of identify
 h - a scroll of immolation {unknown}
 k - 4 scrolls of remove curse
 m - 2 scrolls of amnesia
 n - a scroll of enchant weapon {unknown}
 r - a scroll of fear {unknown}
 s - 2 scrolls of teleportation
Potions
 j - a potion of heal wounds
 o - a potion of brilliance
 D - a potion of magic
Books
 b - a book of Frost

   Spells                             Type                      Level
   a - Freeze                         Ice                          1
   b - Throw Frost                    Conjuration/Ice              2
   c - Ozocubu's Armour               Charms/Ice                   3
   d - Throw Icicle                   Conjuration/Ice              4
   e - Summon Ice Beast               Ice/Summoning                4
   f - Condensation Shield            Ice                          4
 l - a book of Unlife

   Spells                             Type                      Level
   a - Recall                         Summoning/Translocation      3
   b - Animate Dead                   Necromancy                   4
   c - Control Undead                 Necromancy                   4
   d - Cigotuvi's Embrace             Necromancy                   5
   e - Death Channel                  Necromancy                   6
   f - Simulacrum                     Ice/Necromancy               6
Comestibles
 c - 2 bread rations
 f - 4 meat rations
 i - a royal jelly
 z - 5 fruits


   Skills:
 - Level 2.0 Dodging
 + Level 3.7 Stealth
 * Level 6.5 Spellcasting
 * Level 3.0 Conjurations
 + Level 2.0 Charms
 * Level 7.0 Ice Magic


You had 8 spell levels left.
You knew the following spells:

 Your Spells              Type           Power        Failure   Level  Hunger
a - Freeze                Ice            ####         1%          1    None
b - Ozocubu's Armour      Chrm/Ice       ###.....     6%          3    ##.....
c - Condensation Shield   Ice            ####......   8%          4    ####...
d - Throw Icicle          Conj/Ice       ####....     14%         4    ####...


Dungeon Overview and Level Annotations

Branches:
Dungeon (5/15)             Temple (1/1) D:4

Altars:
Ashenzari
Cheibriados
Dithmenos
Elyvilon
Fedhas
Gozag
Kikubaaqudgha
Makhleb
Okawaru
Ru
Trog
Vehumet
Xom
Yredelemnul
Zin

Annotations:
D:2 Sigmund
D:5 exclusion: ice beast


Innate Abilities, Weirdness & Mutations

You cannot wear most types of armour.
You are amphibious.
You can wear up to eight rings at the same time.
You can use your tentacles to constrict many enemies at once.
Your skin changes colour to match your surroundings (Stealth).
Your rubbery body absorbs attacks (AC +1).


Message History

You constrict the worker ant.
You feel sick. The worker ant bites you.
Cast which spell? (? or * to list)
Aiming: Freeze
Press: ? - help, Shift-Dir - straight line, f - worker ant
Aim: a worker ant (almost dead, constricted by you)
You freeze the worker ant.
You kill the worker ant!
You feel sick.
Drink which item? (? for menu, Esc to quit)
You feel much better.
You feel sick.
You feel sick.
g - 5 scrolls of identify (gained 1)
You feel sick.
You feel sick.
You feel sick.
You feel sick.
l - a book of Unlife You feel sick.
Read which item? (? for menu, Esc to quit)
Are you sure you want to abandon this character and quit the game? (Confirm with "yes".)

#.# ##..##### #.#
##.#...# ###########.#
#.#...# #...........#
#.#.... #....).......##
#...... .......†......#
###....
..............#######....
.........................
........@.....#######....
..............# ##.....
............## ##..####
#..........## ##..##
######.#.....###..##
#........##.##
#........##.# ##
#...........# ##.
#........#### #..


There were no monsters in sight!

Vanquished Creatures
  The ghost of prinygod the Magician, an experienced OpWz of Sif Muna (D:4)
  A necrophage (D:5)
  A centaur (D:5)
  2 ogres
  Duvessa (D:5)
  2 crimson imps (D:5)
  A centaur zombie (D:5)
  Dowan (D:5)
  3 hounds
  2 orc priests
  2 giant frog skeletons
  An iguana (D:4)
  An orc wizard (D:3)
  A killer bee zombie (D:5)
  3 worker ants
  3 adders
  A worm (D:2)
  An adder skeleton (D:5)
  3 giant geckos
  An ooze (D:1)
  12 orcs
  3 ball pythons
  6 bats
  A bat skeleton (D:3)
  2 giant cockroaches
  9 hobgoblins
  7 jackals
  3 quokkas
  3 giant newts
  5 goblins
  A jackal skeleton (D:5)
  A jackal zombie (D:5)
  6 kobolds
  A quokka zombie (D:5)
  7 rats
99 creatures vanquished.

Vanquished Creatures (others)
  An orc (D:3)
1 creature vanquished.

Grand Total: 100 creatures vanquished

Notes
Turn   | Place    | Note
--------------------------------------------------------------
     0 | D:1      | prinygod, the Octopode Ice Elementalist, began the quest for the Orb.
     0 | D:1      | Reached XP level 1. HP: 11/11 MP: 3/3
   347 | D:1      | Reached XP level 2. HP: 17/17 MP: 3/5
   981 | D:2      | Reached XP level 3. HP: 12/21 MP: 3/6
  1137 | D:2      | Noticed Sigmund
  1331 | D:3      | Found a glowing silver altar of Zin.
  1453 | D:3      | Found an iron altar of Okawaru.
  1505 | D:3      | Learned a level 3 spell: Ozocubu's Armour
  1977 | D:3      | Reached skill level 4 in Ice Magic
  1977 | D:3      | Reached XP level 4. HP: 27/27 MP: 2/9
  1984 | D:3      | Learned a level 4 spell: Condensation Shield
  2227 | D:3      | Reached XP level 5. HP: 24/31 MP: 6/11
  3280 | D:4      | Reached XP level 6. HP: 24/36 MP: 13/15
  3294 | D:4      | Reached skill level 5 in Ice Magic
  3298 | D:4      | Noticed prinygod's ghost (experienced OpWz)
  3478 | D:4      | Killed prinygod's ghost
  3478 | D:4      | Reached skill level 5 in Spellcasting
  3478 | D:4      | Reached skill level 6 in Ice Magic
  3478 | D:4      | Reached XP level 7. HP: 31/41 MP: 8/19
  3687 | D:4      | Found a staircase to the Ecumenical Temple.
  3697 | Temple   | Entered the Ecumenical Temple
  3946 | D:5      | Entered Level 5 of the Dungeon
  3961 | D:5      | Learned a level 4 spell: Throw Icicle
  4115 | D:5      | Noticed Dowan
  4500 | D:4      | Reached skill level 1 in Charms
  4641 | D:5      | Noticed Duvessa
  4650 | D:5      | Killed Dowan
  4839 | D:5      | Reached XP level 8. HP: 14/46 MP: 8/21
  5059 | D:5      | Killed Duvessa
  5109 | D:5      | Found a bloodstained altar of Trog.
  5346 | D:5      | HP: 1/46 [centaur/arrow of dispersal (8)]
  5393 | D:5      | Gained mutation: Your natural rate of healing is unusually fast. [potion of mutation]
  5393 | D:5      | Gained mutation: You can breathe flames. [potion of mutation]
  5393 | D:5      | Gained mutation: Scrolls take you a little longer to read. [potion of mutation]
  5395 | D:5      | Lost mutation: Scrolls take you a little longer to read. [potion of cure mutation]
  5395 | D:5      | Lost mutation: Your natural rate of healing is unusually fast. [potion of cure mutation]
  5395 | D:5      | Lost mutation: You can breathe flames. [potion of cure mutation]
  5714 | D:5      | Reached skill level 7 in Ice Magic
  5794 | D:5      | Quit the game

Action                   |  1- 3 |  4- 6 |  7- 9 || total
-------------------------+-------+-------+-------++-------
Melee: Unarmed           |    45 |     7 |     4 ||    56
       Dagger            |       |    33 |    73 ||   106
 Cast: Freeze            |    34 |    28 |    41 ||   103
       Ozocubu's Armour  |       |       |     9 ||     9
       Condensation Shie |       |       |     9 ||     9
       Throw Icicle      |       |       |     7 ||     7
Evoke: Wand              |       |     1 |     1 ||     2
  Use: Scroll            |       |       |     4 ||     4
       Potion            |       |       |     8 ||     8
 Stab: Sleeping          |     5 |     8 |     2 ||    15
  Eat: Chunk             |     3 |     4 |     8 ||    15
       Fruit             |       |       |     1 ||     1
       Pizza             |       |       |     1 ||     1
